AoeStats
← iaa4e

Arena

507670492Analyzed
4v4 RM · 14d ago on Sep 19, 2026· 50m 51s· 8 players
Game mode
Random Map
Map size
Large (8 player)
Population
200
Speed
Normal
Resources
Standard
Victory
Conquest
Starting age
Dark Age
Ending age
Imperial Age
RankedLock teamsTeams togetherTeam positionsShared explorationLock speedFull tech treeHidden civsTurbo modeCheats
Victory
Defeat
🇲🇽 Chinese · Mexico
1295
+12
🇵🇱 Persians · Poland
1272
+13
🇮🇳 Khmer · India
1245
+14
🇹🇼 Mongols · Taiwan
1160
+18
🇨🇴 Celts · Colombia
1277
-17
🇫🇷 Wei · France
1191
-14
🇩🇪 Franks · Germany
1174
-13
🇵🇪 Hindustanis · Peru
1168
-13
Eduardo
0:28 Loom
10:18 Feudal Age
12:02 Wheelbarrow
14:45 Castle Age
13:07 Double-Bit Axe
13:33 Horse Collar
16:20 Bow Saw
25:14 Hand Cart
26:29 Hand Cart
28:58 Imperial Age
26:41 Squires
26:27 Arson
27:01 Forging
26:52 Scale Mail Armor
26:57 Scale Barding Armor
28:20 Guard Tower
28:42 Fortified Wall
29:01 Chain Mail Armor
29:53 Iron Casting
29:17 Gold Mining
29:18 Stone Mining
31:03 Plate Mail Armor
30:31 Town Watch
31:24 Gold Shaft Mining
30:58 Pikeman
31:10 Elite Fire Lancer
35:26 Blast Furnace
34:46 Chain Barding Armor
35:53 Padded Archer Armor
35:43 Fletching
37:41 Chemistry
37:16 Keep
37:02 Ballistics
36:34 Heated Shot
37:46 Halberdier
40:13 Plate Barding Armor
40:07 Town Patrol
47:24 Light Cavalry
48:15 Bloodlines
48:06 Husbandry
50:01 Two-Man Saw
reuellemos29
10:58 Feudal Age
13:56 Castle Age
12:17 Double-Bit Axe
15:35 Bow Saw
16:28 Horse Collar
20:04 Gold Mining
22:40 Heavy Plow
23:57 Gold Shaft Mining
24:34 Stone Mining
27:19 Imperial Age
24:51 Loom
25:46 Wheelbarrow
26:00 Gold Shaft Mining
26:03 Stone Shaft Mining
26:54 Ballistics
27:50 Masonry
27:26 Heavy Scorpion
29:10 Chemistry
29:13 Architecture
28:24 Capped Ram
29:42 Caravan
30:09 Siege Engineers
29:52 Siege Ram
31:03 Scale Barding Armor
30:49 Fletching
31:09 Forging
31:17 Hand Cart
32:08 Husbandry
33:00 Bloodlines
32:11 Light Cavalry
33:29 Bodkin Arrow
33:55 Chain Barding Armor
35:05 Double Crossbow
35:26 Conscription
39:23 Fortified Wall
39:44 Architecture
42:15 Tusk Swords
42:57 Iron Casting
44:17 Elite Battle Elephant
45:37 Plate Barding Armor
45:21 Hussar
46:38 Hoardings
49:28 Blast Furnace
50:45 Coinage
NPC
8:39 Feudal Age
9:02 Double-Bit Axe
9:43 Horse Collar
16:34 Castle Age
17:57 Bow Saw
18:24 Wheelbarrow
23:08 Gold Mining
23:35 Hand Cart
24:32 Heavy Plow
25:16 Loom
29:06 Imperial Age
27:07 Ballistics
26:43 Fletching
27:45 Bodkin Arrow
27:50 Padded Archer Armor
29:06 Kamandaran
29:30 Leather Archer Armor
29:22 Thumb Ring
29:32 Scale Barding Armor
29:13 Crossbowman
30:17 Masonry
31:14 Forging
32:02 Conscription
33:35 Iron Casting
33:30 Ring Archer Armor
33:21 Chain Barding Armor
33:13 Bloodlines
33:03 Husbandry
35:15 Blast Furnace
35:45 Hoardings
36:39 Chemistry
38:18 Plate Barding Armor
37:27 Elite War Elephant
38:45 Town Watch
39:51 Sappers
41:56 Citadels
41:50 Light Cavalry
42:30 Husbandry
44:21 Gold Shaft Mining
43:37 Stone Mining
46:15 Coinage
46:30 Hussar
拉鍊卡到雞
11:12 Feudal Age
10:45 Loom
11:40 Horse Collar
16:32 Castle Age
15:12 Double-Bit Axe
17:38 Bow Saw
18:36 Heavy Plow
20:06 Fervor
23:42 Wheelbarrow
26:10 Town Watch
26:56 Gold Mining
28:00 Fletching
31:00 Imperial Age
28:34 Stone Mining
28:42 Bodkin Arrow
29:30 Hand Cart
30:14 Gold Shaft Mining
29:42 Padded Archer Armor
29:54 Bloodlines
29:45 Husbandry
30:07 Ballistics
30:07 Nomads
30:29 Murder Holes
30:52 Leather Archer Armor
31:42 Bracer
31:07 Elite Mangudai
33:09 Chemistry
32:22 Thumb Ring
32:42 Parthian Tactics
34:13 Scale Barding Armor
34:18 Forging
35:45 Siege Engineers
35:16 Light Cavalry
36:18 Chain Barding Armor
36:24 Conscription
36:17 Hussar
36:54 Heavy Scorpion
36:57 Onager
39:21 Herbal Medicine
39:15 Siege Onager
43:50 Drill
44:36 Iron Casting
math-hbcn
11:06 Feudal Age
15:09 Castle Age
12:59 Double-Bit Axe
13:41 Horse Collar
16:03 Bow Saw
17:36 Loom
19:38 Wheelbarrow
19:14 Heavy Plow
22:31 Stone Mining
23:26 Gold Mining
26:33 Stone Shaft Mining
26:35 Gold Shaft Mining
27:47 Scale Mail Armor
27:58 Forging
30:41 Imperial Age
29:00 Chain Mail Armor
28:31 Treadmill Crane
28:23 Pikeman
29:04 Squires
29:38 Hand Cart
30:04 Iron Casting
30:43 Guard Tower
30:46 Fletching
30:44 Halberdier
31:49 Ballistics
32:44 Chemistry
32:21 Keep
35:18 Bodkin Arrow
36:24 Blast Furnace
36:48 Scale Barding Armor
37:42 Masonry
38:25 Bloodlines
38:15 Husbandry
37:36 Light Cavalry
39:59 Chain Barding Armor
40:21 Hussar
43:45 Crop Rotation
iaa4e
10:51 Feudal Age
15:00 Castle Age
14:22 Double-Bit Axe
16:55 Bow Saw
18:49 Loom
20:16 Wheelbarrow
22:12 Hand Cart
22:58 Gold Mining
25:45 Gold Shaft Mining
25:23 Scale Barding Armor
28:12 Imperial Age
25:30 Loom
25:31 Town Watch
26:18 Stone Mining
26:52 Chain Barding Armor
26:42 Forging
27:02 Ballistics
27:44 Town Patrol
27:59 Husbandry
27:20 Light Cavalry
29:27 Iron Casting
29:00 Cavalier
31:16 Plate Barding Armor
31:41 Blast Furnace
31:00 Paladin
33:17 Chemistry
33:34 Siege Engineers
35:49 Scale Mail Armor
35:39 Fletching
39:45 Conscription
39:54 #83
40:24 Elite Throwing Axeman
47:35 Pikeman
48:15 Squires
48:33 Chain Mail Armor
48:13 Bodkin Arrow
PilotePSP
0:28 Loom
12:54 Feudal Age
17:14 Castle Age
16:10 Bloodlines
15:52 Horse Collar
16:23 Double-Bit Axe
18:20 Scale Barding Armor
18:53 Bow Saw
20:54 Forging
23:33 Wheelbarrow
23:20 Fletching
25:05 Grand Trunk Road
24:58 Town Watch
26:27 Scale Mail Armor
28:45 Iron Casting
30:21 Chain Barding Armor
30:11 Gold Mining
35:22 Imperial Age
33:10 Masonry
33:51 Bodkin Arrow
34:51 Chain Mail Armor
37:01 Murder Holes
37:52 Hand Cart
39:01 Gold Shaft Mining
38:42 Stone Mining
39:00 Bracer
40:46 Shatagni
42:46 Chemistry
43:20 Conscription
46:44 Stone Shaft Mining
49:39 Blast Furnace
49:22 Sanctity
50:09 Block Printing
50:37 Husbandry
Manueska
8:22 Loom
10:23 Feudal Age
11:20 Double-Bit Axe
21:04 Castle Age
19:11 Horse Collar
20:32 Wheelbarrow
20:19 Gold Mining
20:20 Stone Mining
20:57 Arson
24:02 Bow Saw
27:22 Forging
28:22 Scale Mail Armor
30:47 Hand Cart
31:44 Chain Mail Armor
31:40 Town Watch
32:51 Iron Casting
35:50 Imperial Age
33:29 Fletching
34:48 Ballistics
35:08 Gold Shaft Mining
35:11 Stone Shaft Mining
34:44 Heavy Plow
35:04 Bodkin Arrow
35:01 Stronghold
36:46 Furor Celtica
35:59 Onager
36:46 Siege Engineers
37:52 Conscription
37:04 Siege Onager
37:21 Capped Ram
40:01 Chemistry
40:40 Masonry
45:39 Pikeman
46:59 Plate Mail Armor
47:29 Blast Furnace
46:50 Halberdier
48:08 Town Patrol
48:43 Coinage
50:09 Fortified Wall
Connection lost

Rejoining the realm…

Still unreachable

The connection could not be restored.

Session expired

The server has moved on; the page needs a fresh start.